 Dungeon Crawl Stone Soup version 0.16-a0-2059-gf848859 (webtiles) character file.

27386 thegroundistoosoft the Martial Artist (level 13, 0/109 HPs)
             Began as a Mummy Monk on Nov 11, 2014.
             Slain by a wolf spider simulacrum (1 damage)
             ... in an ice cave.
             The game lasted 02:19:37 (33424 turns).

thegroundistoosoft the Martial Artist (Mummy Monk) Turns: 33424, Time: 02:19:37

Health: 0/109      AC: 15    Str: 14    XL:     13   Next: 4%
Magic:  13/13      EV: 18    Int:  9    God:
Gold:   1190       SH:  0    Dex: 18    Spells: 0 memorised, 12 levels left

rFire  . . .     SeeInvis .       - Unarmed
rCold  + . .     Clarity  .     (no armour)
rNeg   + + +     SustAb   .     (no shield)
rPois  +         Gourm    .     v - +2 helmet
rElec  .         Spirit   .     j - +2 cloak
rCorr  .         Warding  .     s - +2 pair of gloves
rMut   .         Stasis   .     o - +2 pair of boots of the Assassin {Stlth++}
MR     +....                    (no amulet)
Stlth  +++++.....               d - +3 ring of protection
                                c - ring of protection from fire

@: about to teleport, somewhat resistant to hostile enchantments, quite stealthy
A: no food or potions, fire vulnerability, in touch with death, restore body,
cold resistance 1, negative energy resistance 3, poison resistance, torment
resistance, unbreathing
a: Self-Restoration


You were in an ice cave.
You were not hungry.

You visited 2 branches of the dungeon, and saw 18 of its levels.
You also visited: Ice Cave.

You collected 1190 gold pieces.


Innate Abilities, Weirdness & Mutations

You do not eat or drink.
Your flesh is vulnerable to fire.
You are in touch with the powers of death.
You can restore your body by infusing magical energy.
Your flesh is cold resistant.
You are immune to negative energy.
Your system is resistant to poisons.
You are immune to unholy pain and torment.
You can survive without breathing.


   Skills:
 + Level 12.5 Fighting
 - Level 7.5 Dodging
 - Level 5.9 Stealth
 - Level 13.0 Unarmed Combat


You had 12 spell levels left.
You didn't know any spells.

Inventory:

Armour
 j - a +2 cloak (worn)
 o - the +2 pair of boots of the Assassin (worn) {Stlth++}
   (You acquired it on level 8 of the Dungeon)

   It makes you much more stealthy.
 s - a +2 pair of gloves (worn)
 v - a +2 helmet (worn)
Jewellery
 c - a ring of protection from fire (left hand)
 d - a +3 ring of protection (right hand)
 q - an uncursed ring of sustain abilities
 t - an uncursed ring of protection from magic
Scrolls
 b - a scroll of immolation {!r}
 e - 2 scrolls of teleportation
 f - 3 scrolls of recharging
 g - 3 scrolls of amnesia
 h - 5 scrolls of magic mapping
 i - 4 scrolls of remove curse
 k - a scroll of vulnerability {!r}
 m - a scroll of fog
 n - 3 scrolls of enchant weapon
 p - a scroll of torment
 u - 3 scrolls of identify
Comestibles
 a - 8 slices of pizza (quivered)
 l - 2 royal jellies
 r - 14 fruits

Dungeon Overview and Level Annotations

Branches:
Dungeon (12/15)            Temple (0/1) D:4            Lair (6/8) D:10
 Shoals (0/5) Lair:4        Snake (0/5) Lair:3          Orc (0/4) D:11
  Slime: Lair:6-8

Altars:
Dithmenos
Fedhas
Kikubaaqudgha
Makhleb
Nemelex Xobeh
Okawaru
Qazlal
Ru
Trog
Xom
Beogh

Portals:
Trove: D:12 (give +5 demon whip)

Annotations:
D:2 come back git jello
D:5 Prince Ribbit
D:6 exclusion: downstairs
D:7 exclusion: upstairs
D:8 hyder, 1 exclusion, Dowan
D:9 loadsaexp
D:10 hackum's ghost, powerful FoFi
D:11 ain't BEES
Lair:2 git flyte, exclusion: upstairs
Lair:4 exclusion: hydra, Snorg

#### ##..##
##....###
#.......##...
#.@Z∩...Z...#
#......Z...##
##....##Z.##
##..## ##
####


You could see an alligator simulacrum (dormant), a death yak simulacrum, a swamp
dragon simulacrum (dormant) and a wolf spider simulacrum.


Message History

Okay, then.
There is an ice covered gate leading back out of this place here.
Here: a wolf spider simulacrum The floor.
Unknown command.
You swing at nothing.
You swing at nothing.
You swing at nothing.
You swing at nothing.
You hit the wolf spider simulacrum.
The wolf spider simulacrum hits you but does no damage.
The wolf spider simulacrum barely misses you.
You punch the wolf spider simulacrum! The wolf spider simulacrum hits you.
The wolf spider simulacrum freezes you! You resist.
* * * LOW HITPOINT WARNING * * *
The wolf spider simulacrum completely misses you.
Read which item? (? for menu, Esc to quit)
As you read the scroll of teleportation, it crumbles to dust.
You feel strangely unstable.
The wolf spider simulacrum hits you but does no damage.
The wolf spider simulacrum bites you.
* * * LOW HITPOINT WARNING * * *
The wolf spider simulacrum freezes you! You resist.
* * * LOW HITPOINT WARNING * * *
The wolf spider simulacrum hits you!
* * * LOW HITPOINT WARNING * * *
The wolf spider simulacrum freezes you! You resist.
* * * LOW HITPOINT WARNING * * *
The wolf spider simulacrum bites you.
You die...

Action                   |  1- 3 |  4- 6 |  7- 9 | 10-12 | 13-15 || total
-------------------------+-------+-------+-------+-------+-------++-------
Melee: Unarmed           |   116 |   456 |   791 |  1454 |    31 ||  2848
  Use: Scroll            |     5 |     6 |    11 |    12 |     2 ||    36
 Stab: Sleeping          |     5 |     6 |     7 |    62 |     4 ||    84
       Distracted        |     1 |       |     2 |     3 |       ||     6

Vault maps used:
D:1:      dpeg_arrival_refuge, nemelex_deck
D:2:      old_standard_altar
D:3:      overflow_temple_1_default, grunt_dithmenos_smoke_and_mirrors
D:4:      minmay_temple_entry_nine_rooms, minmay_goblin_kobold_house
D:5:      nicolae_ru_awakened_eye, first_bread, trog_hazing_becter,
          uniq_prince_ribbit1
D:6:      lemuel_doored_altar, lemuel_round_altar, fedhas_altar_3,
          minmay_misc_feat_hallway
D:7:      basic_altar
D:8:      minmay_misc_feat_rows, hangedman_ranch, serial_bayou_pond_a,
          kb_lookout_dungeons_type, serial_bayou_pond_b, uniq_maurice,
          uniq_duvessa
D:9:      lemuel_bear_cage, uniq_pikel
D:10:     david_lair_shrubbed, uniq_erolcha
D:11:     david_orc_5
D:12:     nicolae_trove_entry_columns, xom_teletrap_fun
Lair:1:   basic_altar, cheibrodos_lair_reptile_den
Lair:2:   bobbens_dragon_lair_wall, uniq_harold
Lair:3:   minmay_snake_entry_guardpost_medium
Lair:4:   elwin_shoals_entry_rocks, hibernation_bobbens, uniq_snorg, uniq_erica
Lair:6:   portal_ice_cave_entry_animals_and_master, kennysheep_catoblepas_arena
IceCv:    ice_cave_small_necro

Notes
Turn   | Place    | Note
--------------------------------------------------------------
     0 | D:1      | thegroundistoosoft, the Mummy Monk, began the quest for the Orb.
     0 | D:1      | Reached XP level 1. HP: 18/18 MP: 1/1
   207 | D:1      | Reached XP level 2. HP: 24/24 MP: 2/2
   288 | D:1      | Reached skill level 2 in Stealth
   400 | D:1      | Found a sparkling altar of Nemelex Xobeh.
   789 | D:2      | Reached XP level 3. HP: 8/29 MP: 3/3
  1095 | D:2      | Found an ancient bone altar of Kikubaaqudgha.
  1189 | D:2      | Artagel: royal jelly \o/
  1315 | D:2      | thegroundistoosoft: D:
  1315 | D:2      | Artagel: :O
  1315 | D:2      | thegroundistoosoft: HERESY
  1315 | D:2      | Artagel: our heresy
  1315 | D:2      | Artagel: is overwhelming
  1322 | D:2      | im so sorry
  1324 | D:2      | sins atoned
  1407 | D:2      | Reached XP level 4. HP: 12/36 MP: 4/4
  1612 | D:2      | thegroundistoosoft: that explains why adders were only almost killing me
  1612 | D:2      | thegroundistoosoft: from full hp
  1639 | D:2      | Artagel: 2tanky
  2176 | D:2      | Artagel: triple reach
  2345 | D:2      | Artagel: pls have mercy d2
  2345 | D:2      | thegroundistoosoft: fear not
  2345 | D:2      | thegroundistoosoft: all is under control
  2411 | D:2      | thegroundistoosoft: they're camping the jello
  2742 | D:3      | Artagel: :D
  3409 | D:3      | Artagel: so just some hp on that
  3476 | D:3      | HP: 3/37 [orc/trident (6)]
  3483 | D:3      | Artagel: christ
  3483 | D:3      | Artagel: epic battle with a random orc
  3483 | D:3      | thegroundistoosoft: the struggle
  3483 | D:3      | thegroundistoosoft: between the pyramid
  3483 | D:3      | thegroundistoosoft: and the trident
  3576 | D:3      | hello mr orc I'm not stopping
  3576 | D:3      | enjoy your hunger though!
  3645 | D:3      | Reached skill level 3 in Dodging
  3647 | D:3      | thegroundistoosoft: ressssst
  3647 | D:3      | thegroundistoosoft: in all the pieces
  4086 | D:3      | VANQUISHED
  4476 | D:3      | Reached skill level 4 in Unarmed Combat
  4476 | D:3      | Reached XP level 5. HP: 22/42 MP: 5/5
  4630 | D:3      | Found an iron altar of Okawaru.
  4642 | D:3      | Found a shadowy altar of Dithmenos.
  5370 | D:4      | Noticed an ogre
  5485 | D:4      | Reached skill level 5 in Unarmed Combat
  5485 | D:4      | Reached XP level 6. HP: 38/48 MP: 6/6
  5492 | D:4      | Artagel: level 6 :O
  5576 | D:4      | Artagel: 2big2fail
  5602 | D:4      | wrecking dem ants like it ain't no thang
  6148 | D:4      | Found a staircase to the Ecumenical Temple.
  6407 | D:5      | Entered Level 5 of the Dungeon
  6407 | D:5      | Found a sacrificial altar of Ru.
  6615 | D:4      | Reached skill level 6 in Unarmed Combat
  6845 | D:5      | Reached XP level 7. HP: 36/53 MP: 7/7
  7001 | D:5      | TONIGHT IS THE NIGHT
  7194 | D:5      | Noticed Prince Ribbit
  7196 | D:5      | Artagel: hm
  7196 | D:5      | Artagel: how about no
  7225 | D:5      | thegroundistoosoft: m-maybe some other day
  7515 | D:5      | Reached skill level 4 in Dodging
  7648 | D:5      | Found a bloodstained altar of Trog.
  7858 | D:6      | thegroundistoosoft: dat beast
  7858 | D:6      | Artagel: professional kiter
  7858 | D:6      | thegroundistoosoft: fadin' in and out
  7859 | D:6      | thegroundistoosoft: :D
  8365 | D:6      | Found a shimmering altar of Xom.
  8419 | D:5      | thegroundistoosoft: I can't believe that worked
  8908 | D:5      | Artagel: halp
  9147 | D:4      | thegroundistoosoft: crisis averted
  9534 | D:6      | Reached skill level 7 in Unarmed Combat
  9639 | D:6      | Reached XP level 8. HP: 52/60 MP: 8/8
  9700 | D:6      | Found a burning altar of Makhleb.
 10015 | D:6      | Found a blossoming altar of Fedhas.
 10168 | D:7      | thegroundistoosoft: heavens
 10168 | D:7      | Artagel: halp
 10168 | D:7      | Artagel: so do we kill one and go up
 10168 | D:7      | Artagel: or do we just go up
 10168 | D:7      | thegroundistoosoft: kill he says
 10168 | D:7      | thegroundistoosoft: a true master of mummy fu knows his limitations
 10170 | D:6      | thanks
 10240 | D:7      | Reached skill level 8 in Unarmed Combat
 10826 | D:7      | Artagel: so eh
 10826 | D:7      | Artagel: what do we do now
 10826 | D:7      | thegroundistoosoft: how awkward
 10826 | D:7      | Artagel: do we pray?
 10826 | D:7      | thegroundistoosoft: sure
 10829 | D:7      | Artagel: !
 11029 | D:7      | Artagel: pray successful
 11029 | D:7      | thegroundistoosoft: faith rewarded
 11029 | D:7      | Artagel: the meaning of unlife is to not die
 11141 | D:7      | thegroundistoosoft: fucking bees man
 11481 | D:7      | Artagel: :D
 11764 | D:7      | thegroundistoosoft: they're everywhere
 11902 | D:7      | thegroundistoosoft: you know
 11902 | D:7      | thegroundistoosoft: some guy from the arralgee actually asked about some of the new tiles
 11902 | D:7      | Artagel: yeah I saw that
 11902 | D:7      | thegroundistoosoft: about the new Dr
 11902 | D:7      | thegroundistoosoft: yeah
 11902 | D:7      | Artagel: that they're going to go for a more ~serious~ look?
 11902 | D:7      | thegroundistoosoft: so this helmet is
 11902 | D:7      | thegroundistoosoft: apparently
 11902 | D:7      | thegroundistoosoft: all serious'd up
 11902 | D:7      | thegroundistoosoft: :D
 11902 | D:7      | Artagel: it has spikes
 11902 | D:7      | Artagel: and space marines
 11902 | D:7      | Artagel: so how can it be bad
 11902 | D:7      | Artagel: ?!
 11902 | D:7      | Artagel: :D
 11902 | D:7      | thegroundistoosoft: I should've strangled bloax when I had the chance
 11902 | D:7      | thegroundistoosoft: alas
 12025 | D:7      | Found a stormy altar of Qazlal.
 12706 | D:7      | Reached skill level 9 in Unarmed Combat
 12987 | D:6      | thegroundistoosoft: flail brothers pls go
 13014 | D:6      | Artagel: pls dont get hit
 13252 | D:5      | thegroundistoosoft: I like how being able to kill things actually means
 13252 | D:5      | thegroundistoosoft: "just barely surviving on average"
 13274 | D:5      | Artagel: every fight above 50%
 13302 | D:5      | Artagel: is a good fight
 13880 | D:8      | Reached skill level 5 in Dodging
 13880 | D:8      | Reached XP level 9. HP: 55/65 MP: 9/9
 13898 | D:8      | Artagel: halp
 14177 | D:8      | thegroundistoosoft: safety was had
 14341 | D:8      | vault makers are literally hitler
 14348 | D:8      | Artagel: indeed
 14403 | D:8      | Noticed Maurice
 14640 | D:8      | Killed Maurice
 14640 | D:8      | Reached skill level 5 in Fighting
 14708 | D:8      | Identified a scroll of acquirement
 14709 | D:8      | Artagel: hm
 14709 | D:8      | E
 14709 | D:8      | M
 14709 | D:8      | O
 14709 | D:8      | N
 14709 | D:8      | E
 14709 | D:8      | thegroundistoosoft: time to get some gloves
 14709 | D:8      | thegroundistoosoft: of WAR
 14710 | D:8      | Artagel: ok
 14710 | D:8      | Artagel: close
 14710 | D:8      | Artagel: very close
 14710 | D:8      | thegroundistoosoft: wtf is this
 14710 | D:8      | thegroundistoosoft: this is not wat
 14710 | D:8      | thegroundistoosoft: *r
 14832 | D:8      | POWER OVERWHELMING
 14832 | D:8      | Artagel: wtf
 14832 | D:8      | Artagel: dont die
 14836 | D:8      | Artagel: this might actually be fun to play
 14836 | D:8      | Reached skill level 6 in Fighting
 14837 | D:8      | Artagel: :D
 14837 | D:8      | Artagel: HAHAHAHA
 14837 | D:8      | thegroundistoosoft: HA HA HA
 14841 | D:8      | Artagel: ok we need some stealth
 14841 | D:8      | thegroundistoosoft: goddamn right we do
 14886 | D:8      | thegroundistoosoft: and actually one thing I noticed
 14886 | D:8      | thegroundistoosoft: is that the manliest mumo actually doesn't have half bad skills
 14886 | D:8      | thegroundistoosoft: since he's pretty much a berserker
 14926 | D:8      | Artagel: well
 14926 | D:8      | Artagel: it's still that your main weapon scales with skill and it's -2
 14926 | D:8      | Artagel: and you cant really change it much with rng like other weapons
 14926 | D:8      | Artagel: but sure, beyond the initial hard run to 10 skill or whatever to get it reliable
 14950 | D:8      | Artagel: >hit the worm but deal no damage
 14974 | D:8      | Reached skill level 3 in Stealth
 14975 | D:8      | Artagel: HAHA
 14975 | D:8      | acquire proficency
 15074 | D:8      | Noticed Duvessa
 15087 | D:8      | Artagel: rink mail
 15093 | D:8      | Artagel: might even be beatable
 15143 | D:8      | Killed Duvessa
 15144 | D:8      | Artagel: rekt
 15144 | D:8      | LITTLE DID YOU KNOW ABOUT MUMMY WARFARE
 15164 | D:8      | thegroundistoosoft: dowan could be a bit troublesome
 15164 | D:8      | Artagel: so hm
 15174 | D:8      | Artagel: what spells did he get again?
 15174 | D:8      | Artagel: starrow? :o
 15174 | D:8      | thegroundistoosoft: starrow ticicle and something
 15174 | D:8      | thegroundistoosoft: and he hastes on sight
 15202 | D:8      | Artagel: fucking eels
 15202 | D:8      | thegroundistoosoft: thanks autoexplore
 15202 | D:8      | Artagel: pls go and never return
 15202 | D:8      | thegroundistoosoft: that's where I wanted to go!
 15358 | D:8      | Noticed Dowan
 15358 | D:8      | Artagel: woah
 15358 | D:8      | Artagel: that's a fancy tile
 15358 | D:8      | thegroundistoosoft: bloaxified
 15527 | D:8      | Reached skill level 4 in Stealth
 15530 | D:8      | Artagel: killyhole too strong
 15534 | D:8      | Artagel: ~wow~
 15534 | D:8      | thegroundistoosoft: oh boy!
 15570 | D:8      | Artagel: finally sustab
 15664 | D:8      | thegroundistoosoft: sluurp
 15664 | D:8      | thegroundistoosoft: slurp slurp
 15664 | D:8      | Artagel: tasty loot
 15667 | D:8      | Artagel: >plate
 15670 | D:8      | Artagel: no wonder that warrior felt a bit stronk
 15894 | D:8      | Artagel: probably a bit brave
 16191 | D:8      | Reached skill level 5 in Stealth
 16231 | D:8      | thegroundistoosoft: what
 16231 | D:8      | thegroundistoosoft: is this guy for real
 16231 | D:8      | Artagel: so it seems
 16231 | D:8      | Artagel: time to go deeper
 16247 | D:8      | Artagel: or oh
 16263 | D:7      | Artagel: I guess walking away is fine too
 16263 | D:7      | Artagel: :D
 16849 | D:8      | Artagel: flaming
 16862 | D:8      | Artagel: little did he know
 16874 | D:8      | Artagel: that the pharaoh is protected
 16879 | D:8      | thegroundistoosoft: hrm
 16879 | D:8      | Artagel: do we really want to do this
 16879 | D:8      | thegroundistoosoft: I sure hope the hydra hasn't woken up
 16879 | D:8      | Artagel: for some pizza
 16891 | D:8      | Reached XP level 10. HP: 71/77 MP: 10/10
 17004 | D:8      | Artagel: >no damage
 17025 | D:8      | Artagel: unaware stab
 17027 | D:8      | Artagel: ok :<
 17027 | D:8      | thegroundistoosoft: dare ye open the door
 17027 | D:8      | Artagel: hm
 17027 | D:8      | Artagel: abandon hope
 17027 | D:8      | Artagel: all ye who enter here
 17027 | D:8      | Noticed a six-headed hydra
 17028 | D:8      | Artagel: we do have crutches
 17028 | D:8      | thegroundistoosoft: SIX
 17028 | D:8      | Artagel: 6
 17028 | D:8      | Artagel: ABORT
 17028 | D:8      | Artagel: ABORT
 17028 | D:8      | thegroundistoosoft: holy shit what
 17028 | D:8      | Artagel: we dug too greedily
 17028 | D:8      | Artagel: and too deep
 17080 | D:8      | thegroundistoosoft: I still regret nothing
 17126 | D:8      | thegroundistoosoft: I do mean
 17126 | D:8      | thegroundistoosoft: literally
 17126 | D:8      | thegroundistoosoft: hitler
 17154 | D:8      | Artagel: arrow of dispersals too
 17242 | D:8      | Artagel: who comes up with this
 17317 | D:8      | thegroundistoosoft: ha
 17317 | D:8      | thegroundistoosoft: outta arrows
 17358 | D:8      | and stay go
 17517 | D:9      | Artagel: so lets never go back to d8
 17519 | D:9      | Artagel: it's a silly place
 17519 | D:9      | thegroundistoosoft: gee
 17519 | D:9      | thegroundistoosoft: I sure wonder what's gonna happen
 17582 | D:9      | Artagel: !
 17598 | D:9      | Noticed Pikel
 17636 | D:9      | Noticed a griffon
 17640 | D:9      | thegroundistoosoft: oh hey
 17640 | D:9      | thegroundistoosoft: a zoo
 17640 | D:9      | Artagel: flaming
 17640 | D:9      | Artagel: of course
 17640 | D:9      | thegroundistoosoft: well rF is activated
 17640 | D:9      | thegroundistoosoft: so get good pickles
 17660 | D:9      | Killed Pikel
 17699 | D:9      | Artagel: lol
 17711 | D:9      | Artagel: the slave dealing big damage
 17713 | D:9      | Artagel: :D
 17939 | D:9      | thegroundistoosoft: fucking slaves
 17939 | D:9      | thegroundistoosoft: eating my exp
 17999 | D:9      | Artagel: might be legit rink tho
 17999 | D:9      | Noticed a griffon
 18002 | D:9      | Artagel: check it out
 18024 | D:9      | Reached skill level 10 in Unarmed Combat
 18109 | D:9      | Noticed a death yak
 18109 | D:9      | Noticed a griffon
 18118 | D:9      | thegroundistoosoft: ohoho
 18118 | D:9      | Artagel: oh
 18118 | D:9      | thegroundistoosoft: (where did this come from)
 18118 | D:9      | Artagel: we might even make it
 18177 | D:9      | Artagel: (we looted it 1 min ago)
 18240 | D:9      | thegroundistoosoft: oh
 18240 | D:9      | thegroundistoosoft: I'm sorry I was busy appreciating the seriousness of these helmet tiles!
 18253 | D:9      | Artagel: 2srs
 18253 | D:9      | hmhm
 18253 | D:9      | hmmm
 18785 | D:9      | thegroundistoosoft: oh wow
 18785 | D:9      | thegroundistoosoft: kitted to kill
 18786 | D:9      | Artagel: is this ivan
 18881 | D:9      | thegroundistoosoft: what
 18881 | D:9      | thegroundistoosoft: how did you get out
 18892 | D:9      | thegroundistoosoft: oh okay
 18892 | D:9      | Artagel: he didn't
 18894 | D:9      | Artagel: :D
 18904 | D:10     | Entered Level 10 of the Dungeon
 18921 | D:10     | Got a faintly glowing quarterstaff
 18972 | D:10     | Noticed Erolcha
 18976 | D:10     | Artagel: no banish allowed
 18990 | D:10     | Found a staircase to the Lair.
 19015 | D:10     | thegroundistoosoft: wow
 19015 | D:10     | thegroundistoosoft: that was totally stupid
 19158 | D:10     | Reached skill level 11 in Unarmed Combat
 19180 | D:10     | Noticed hackum's ghost (powerful FoFi)
 19180 | D:10     | Artagel: woah
 19180 | D:10     | Artagel: woah
 19180 | D:10     | thegroundistoosoft: >the blocker
 19180 | D:10     | Artagel: what the fuck is a vorpal dude doing here
 19180 | D:10     | Artagel: :D
 19357 | D:9      | hi
 19428 | D:9      | Artagel: 10, 14
 19428 | D:9      | HA HA
 19584 | D:10     | Noticed a hill giant
 19593 | D:10     | Artagel: halp big dude over there
 19593 | D:10     | thanks for not screaming
 19602 | D:10     | thegroundistoosoft: art thou ready
 19605 | D:10     | Killed a hill giant
 19605 | D:10     | Reached skill level 7 in Fighting
 19606 | D:10     | Artagel: !!!!
 19606 | D:10     | Artagel: rip
 19607 | D:10     | thegroundistoosoft: he tried
 20047 | D:10     | Reached skill level 8 in Fighting
 20206 | D:9      | gr8
 20504 | D:10     | Reached XP level 11. HP: 80/86 MP: 11/11
 20604 | D:10     | D:
 20620 | D:10     | Killed an unseen horror
 20620 | D:10     | Reached skill level 9 in Fighting
 20621 | D:10     | :D
 20800 | D:10     | Artagel: survival still achieved
 20909 | D:10     | thegroundistoosoft: well that's erolcha up
 21122 | D:10     | ruthless
 21143 | D:9      | Artagel: danger zone
 21343 | D:9      | thegroundistoosoft: tell you what
 21343 | D:9      | thegroundistoosoft: let's continue tomorrow
 21355 | D:9      | Artagel: fair enough
 21355 | D:9      | thegroundistoosoft: would be a shame to lose this
 21355 | D:9      | Artagel: one does not simply throw away assassin
 21355 | D:9      | thegroundistoosoft: and I'm tired
 21355 | D:9      | Upgraded the game from 0.16-a0-2038-g968ce0a to 0.16-a0-2059-gf848859
 21355 | D:9      | MackTheKnife: ya winning?
 21355 | D:9      | thegroundistoosoft: damn right son
 21730 | D:11     | Noticed a hill giant
 22097 | D:11     | Found a roughly hewn altar of Beogh.
 22280 | D:10     | Killed Erolcha
 22606 | D:11     | Found a staircase to the Orcish Mines.
 23434 | D:11     | MackTheKnife: any slaying on this dude?
 23510 | D:11     | MackTheKnife: seems to be packing a punch
 23510 | D:11     | thegroundistoosoft: ha
 23510 | D:11     | thegroundistoosoft: all unadulterated fist
 23512 | D:11     | MackTheKnife: woah fist stabbing
 23521 | D:11     | thegroundistoosoft: damn straight
 23550 | D:11     | Reached skill level 12 in Unarmed Combat
 24111 | D:12     | Reached skill level 6 in Dodging
 24198 | D:12     | Found a portal to a secret trove of treasure.
 24207 | D:12     | l8r
 24264 | D:12     | HP: 9/90 [something (10)]
 24545 | D:12     | Noticed a hill giant
 24561 | D:11     | solid snake
 24918 | Lair:1   | Entered Level 1 of the Lair of Beasts
 25136 | Lair:1   | Found a bloodstained altar of Trog.
 25687 | Lair:1   | tacticool
 25792 | Lair:2   | Reached skill level 7 in Dodging
 26107 | Lair:2   | HP: 7/90 [blink frog (14)]
 26534 | Lair:2   | crauler: "MAN ENUFF" for mumo challenge?
 26567 | Lair:1   | Reached XP level 12. HP: 57/97 MP: 12/12
 26732 | Lair:1   | thegroundistoosoft: that's why the mumo challenge was made
 26887 | Lair:2   | crauler: why pizza in quiver?
 26928 | Lair:2   | thegroundistoosoft: because throwables are forbidden
 27671 | Lair:2   | crauler: oh hey
 27671 | Lair:2   | crauler: assassin boots
 27671 | Lair:2   | crauler: nice
 27671 | Lair:2   | thegroundistoosoft: word
 27995 | Lair:1   | Noticed a four-headed hydra
 28231 | Lair:2   | Noticed Harold
 29210 | Lair:2   | Killed Harold
 29210 | Lair:2   | Reached skill level 13 in Unarmed Combat
 29303 | Lair:3   | Reached skill level 10 in Fighting
 29314 | Lair:3   | Got a warped mace
 29512 | Lair:3   | Found a staircase to the Snake Pit.
 30125 | Lair:4   | Got a warped dagger
 30164 | Lair:4   | \o/
 30376 | Lair:4   | Noticed Snorg
 30448 | Lair:4   | Found a staircase to the Shoals.
 30475 | Lair:4   | Noticed Erica
 30484 | Lair:4   | Killed Erica
 30484 | Lair:4   | Reached skill level 11 in Fighting
 30485 | Lair:4   | women are inferior
 30485 | Lair:4   | moscheto: pharaoh pls
 30485 | Lair:4   | and no match for the purity of unarmed combat
 30748 | Lair:4   | Noticed a five-headed hydra
 30890 | Lair:4   | thegroundistoosoft: como molan estas botas
 30890 | Lair:4   | thegroundistoosoft: jesús
 30977 | Lair:4   | moscheto: cales
 30987 | Lair:4   | moscheto: lol
 30987 | Lair:4   | thegroundistoosoft: danche bono como se usases dagas con calquer arma
 30987 | Lair:4   | thegroundistoosoft: cando apuñalas
 30987 | Lair:4   | thegroundistoosoft: :D
 31160 | Lair:4   | hi
 31984 | Lair:5   | 2ARMORED
 32305 | Lair:5   | Skillih: yo
 32432 | Lair:5   | thegroundistoosoft: hey there mate
 32597 | Lair:5   | Skillih: still playing mumo? :D
 32623 | Lair:6   | thegroundistoosoft: playing
 32623 | Lair:6   | thegroundistoosoft: you mean
 32623 | Lair:6   | thegroundistoosoft: winning
 32624 | Lair:6   | Skillih: haha
 32628 | Lair:6   | Reached skill level 12 in Fighting
 32921 | Lair:6   | Noticed a reaper
 32922 | Lair:6   | moscheto: WELP
 32927 | Lair:6   | pls go
 33002 | Lair:6   | Found a frozen archway.
 33003 | Lair:6   | Noticed an ice dragon
 33005 | Lair:6   | Reached XP level 13. HP: 109/109 MP: 13/13
 33413 | Lair:6   | shoulda guarded better faglord
 33414 | IceCv    | Entered an ice cave
 33416 | IceCv    | my god
 33424 | IceCv    | HP: 1/109 [wolf spider simulacrum (11)]
 33424 | IceCv    | Slain by a wolf spider simulacrum

Vanquished Creatures
  Harold (Lair:2)
  Erica (Lair:4)
  Erolcha (D:10)
  An unseen horror (D:10)
  Pikel (D:9)
  A hill giant (D:10)
  A manticore (D:11)
  An ugly thing (D:11)
  A black mamba (Lair:4)
  Maurice (D:8)
  A gargoyle (D:11)
  3 spiny frogs
  A fire drake (Lair:6)
  A polar bear (Lair:6)
  2 two-headed ogres
  2 komodo dragons
  11 blink frogs
  2 wyverns (D:11)
  2 basilisks
  2 wraiths
  A deep elf mage (D:12)
  2 hungry ghosts
  23 yaks
  8 hippogriffs
  8 wolves
  A steam dragon (D:9)
  A mottled dragon (Lair:2)
  4 nagas (Lair:3)
  3 porcupines
  An eye of draining (D:11)
  15 water moccasins
  2 ice beasts
  4 slaves (D:9)
  6 ogres
  9 sky beasts
  A black bear (D:9)
  A necrophage (D:8)
  4 orc warriors
  11 crocodiles
  3 phantoms
  Duvessa (D:8)
  3 big kobolds
  13 centaurs
  11 giant frogs
  3 scorpions
  3 jellies (D:8)
  8 killer bees
  2 centaur zombies
  An electric eel (D:8)
  2 crimson imps
  A goliath beetle (D:11)
  2 quasits
  11 hounds
  8 orc priests
  10 orc wizards
  A giant frog skeleton (D:6)
  An elf skeleton (D:9)
  A basilisk skeleton (D:11)
  9 worker ants
  12 iguanas
  2 sheep (D:8)
  A hound skeleton (D:7)
  A worker ant zombie (D:6)
  8 gnolls
  38 adders
  32 green rats
  2 shadow imps
  A giant mite (D:3)
  3 worms
  An orc zombie (D:11)
  9 giant geckos
  2 oozes
  59 orcs
  7 giant cockroaches
  A gnoll zombie (D:10)
  18 goblins
  30 hobgoblins
  10 jackals
  24 kobolds
  15 quokkas
  19 bats
  10 giant newts
  A giant spore (D:9)
  A gnoll skeleton (D:4)
  A goblin skeleton (D:4)
  2 hobgoblin zombies
  A kobold skeleton (D:5)
  A kobold zombie (D:10)
  26 rats
  3 ballistomycetes
577 creatures vanquished.

Vanquished Creatures (others)
  An orc warrior (D:6)
  A crimson imp (D:9)
  An orc wizard (D:9)
  3 orcs
  A giant spore (D:6)
  A kobold (D:6)
  A bush (D:8)
  3 fungi
  A plant (D:10)
13 creatures vanquished.

Grand Total: 590 creatures vanquished
